 Dungeon Sprint DCSS version 0.31-a0-841-g038b102fc3 (webtiles) character file.

Game seed: 8966705695455196343

1467 sircluck the Grappler (level 8, -2/139 HPs)
             Began as a Troll Berserker on Sept 27, 2023.
             Was an Elder of Trog.
             Slain by a yak (6 damage)
             ... in the Dungeon (Sprint VII: "The Pits").
             The game lasted 00:00:48 (275 turns).

sircluck the Grappler (Troll Berserker)              Turns: 275, Time: 00:00:48

Health: -2/139     AC:  4    Str: 28    XL:     8   Next: 48%
Magic:  7/7        EV: 12    Int:  3    God:    Trog [****..]
Gold:   0          SH:  0    Dex:  9    Spells: 7/7 levels left

rFire   . .          .
                       - Unarmed
rCold   . . .        (no shield)
rNeg    . . .        a - +0 animal skin
rPois   .            (helmet restricted)
rElec   .            (no cloak)
rCorr   .            (gloves unavailable)
SInv    .            (boots unavailable)
Will    .....        (no amulet) Stlth
                     (no ring)
HPRegen 1.23/turn    (no ring)
MPRegen 0.10/turn

%: no teleportation
@: berserking, lethally poisoned (-2 -> -3), very quick
A: large, unfitting armour, claws 3, regeneration 1, shaggy fur 1, tough skin 1
a: Renounce Religion, Berserk, Trog's Hand, Brothers in Arms


You were in the Dungeon.
You worshipped Trog.
Trog was greatly pleased with you.
You visited 1 branch

Inventory:

Armour
 a - a +0 animal skin (worn)
Scrolls
 g - a scroll of blinking
Potions
 c - a potion of heal wounds
 d - a potion of haste
 e - 2 potions of magic
 f - a potion of berserk rage


   Skills:
 + Level 9.8 Fighting
 + Level 9.6 Dodging
 + Level 11.4 Unarmed Combat


You had 7 spell levels left.
You didn't know any spells.
Your spell library was empty.

Dungeon Overview and Level Annotations

Branches:
Dungeon (1/1)

Altars:


Innate Abilities, Weirdness & Mutations

You are too large for most types of armour.
You have claws for hands.
Your natural rate of healing is unusually fast.
You are covered in fur. (AC +1)
You have tough skin. (AC +1)


Message History

You barely miss the yak. The yak closely misses you.
You closely miss the yak. You claw the yak!!
The yak is heavily wounded.
You closely miss the yak.
The yak is heavily wounded.
The yak closely misses you. The yak barely misses you.
You scratch the yak.
The yak is heavily wounded.
The spriggan rider hits you from afar with a +1 spear of venom!
You are poisoned.
The yak gores you!
* * * LOW HITPOINT WARNING * * *
The yak closely misses you.
You feel very sick.
You mangle the yak!!
You kill the yak!
Trog accepts your kill.
You feel sick.
The spriggan rider hits you from afar with a +1 spear of venom!!
* * * LOW HITPOINT WARNING * * *
You are more poisoned.
Unknown command.
Unknown command.
You feel better. The spriggan rider closely misses you.
Unknown command.
Unknown command.
A red film seems to cover your vision as you go berserk!
You feel yourself moving faster!
You feel mighty!
The spriggan rider hits you from afar with a +1 spear of venom!
* * * LOW HITPOINT WARNING * * *
The yak gores you.
* * * LOW HITPOINT WARNING * * *
You mangle the yak!!
The yak is severely wounded.
You barely miss the yak.
The yak is severely wounded.
The spriggan rider hits you but does no damage.
You are poisoned.
The yak gores you.
You die...

#.... #..# #..#
#..# ####### #..#
..##..# #..#
..##..# #.i#
..''..# #Y.#
..''..##########@.#
..##..†...........#
..##...........†..#
###################
# ###


You could see a spriggan rider and a yak.

Vanquished Creatures
  A rime drake (D)
  A hellwing (D)
  An air elemental (D)
  2 yaks (D)
  A fire bat (D)
  A redback (D)
  An acid dragon (D)
  A floating eye (D)
  2 orc priests (D)
  3 orcs (D)
14 creatures vanquished.

Notes
Turn   | Place    | Note
-------+----------+-------------------------------------------
     0 | D        | sircluck the Troll Berserker began the quest for the Orb.
     0 | D        | Reached XP level 1. HP: 22/22 MP: 0/0
    21 | D        | Noticed an orc priest
    21 | D        | Noticed an orc priest
    21 | D        | Noticed a floating eye
    21 | D        | Noticed a rime drake
    24 | D        | Killed an orc priest
    25 | D        | Reached skill level 4 in Unarmed Combat
    25 | D        | Reached XP level 2. HP: 32/32 MP: 1/1
    25 | D        | Reached XP level 3. HP: 39/39 MP: 2/2
    26 | D        | Killed a floating eye
    27 | D        | Reached skill level 5 in Fighting
    27 | D        | Reached skill level 5 in Dodging
    27 | D        | Reached skill level 6 in Unarmed Combat
    27 | D        | Reached XP level 4. HP: 46/50 MP: 3/3
    29 | D        | Killed a rime drake
    29 | D        | Reached ** piety under Trog
    30 | D        | Reached skill level 8 in Unarmed Combat
    30 | D        | Reached XP level 5. HP: 40/62 MP: 4/4
    30 | D        | Reached XP level 6. HP: 46/71 MP: 5/5
    34 | D        | Reached *** piety under Trog
    95 | D        | Noticed an acid dragon
    96 | D        | Noticed a hellwing
   101 | D        | Killed an acid dragon
   102 | D        | Reached skill level 9 in Unarmed Combat
   102 | D        | Reached XP level 7. HP: 44/79 MP: 6/6
   104 | D        | Killed a hellwing
   105 | D        | Reached skill level 10 in Unarmed Combat
   149 | D        | Noticed an air elemental
   149 | D        | Noticed a redback
   151 | D        | Paralysed by an air elemental for 1 turns
   154 | D        | Killed an air elemental
   158 | D        | Killed a redback
   158 | D        | Reached **** piety under Trog
   159 | D        | Reached XP level 8. HP: 64/92 MP: 7/7
   264 | D        | Noticed a spriggan rider
   266 | D        | Reached skill level 11 in Unarmed Combat
   271 | D        | HP: 2/92 [spriggan rider/+1 spear of venom (22)]
   275 | D        | Slain by a yak

Illustrated notes

Levels and vault maps discovered:
D:        pitsprint [storerooms_1, entrance_room_1, metal_vault_1, armoury_3,
          mini_pit_1, grid_room_1, main_hall_1, silver_pit, the_coven_1,
          the_vestibule_1, steel_vault_3, golden_pit, hallway_of_sentries,
          crystal_vault_2, iron_vault_1, final_vault]

Skill      XL: |  1  2  3  4  5  6  7  8 |
---------------+-------------------------+-----
Fighting       | 3 5 7 9 |  9.8
Dodging        | 3 5 7 8 9 |  9.6
Unarmed Combat | 4 6 8 9 10 11 | 11.4

Action                     |  1- 3 |  4- 6 |  7- 9 || total
---------------------------+-------+-------+-------++-------
  Melee: Unarmed           |     3 |    10 |    29 ||    42
         Punch             |       |     1 |     1 ||     2
 Invoke: Berserk           |     1 |     1 |     2 ||     4
    Use: Potion            |       |       |     1 ||     1
 Armour: Animal skin       |     1 |    10 |    26 ||    37
  Dodge: Dodged            |     2 |     5 |    16 ||    23

Table legend: (Time is in decaauts)
 A = Elapsed time spent in this place.
 B = Non-inter-level travel time spent in this place.
 C = Inter-level travel time spent in this place.
 D = Time resting spent in this place.
 E = Time spent auto-exploring this place.
 F = Levels seen in this place.
 G = Mean time per level.
                   A        B        C        D        E       F      G
               +--------+--------+--------+--------+--------+-----+--------+
         Total |    296 |    296 |      0 |    180 |     21 |   1 |  296.0 |
       Dungeon |    296 |    296 |      0 |    180 |     21 |   1 |  296.0 |
               +--------+--------+--------+--------+--------+-----+--------+

Top non-repeatable levels by time:
       D: 296 daAuts
